 Dungeon Sprint DCSS version 0.20-a0-1089-g3fde505 (webtiles) character file.

111323 potatolord5000 the Axe Maniac (level 16, -2/181 HPs)
             Began as a Minotaur Fighter on May 4, 2017.
             Was an Initiate of Gozag.
             Slain by an Orb Guardian (34 damage)
             ... in the Dungeon (Sprint V: "Ziggurat Sprint").
             The game lasted 00:37:30 (3969 turns).

potatolord5000 the Axe Maniac (Minotaur Fighter)    Turns: 3969, Time: 00:37:35

Health: -2/181     AC: 66    Str: 38    XL:     16   Next: 9%
Magic:  15/15      EV: 26    Int:  8    God:    Gozag
Gold:   334        SH: 19    Dex: 11    Spells: 15/15 levels left

rFire    + + .     SeeInvis +   n - +9 war axe "Icveminu" {protect, MR+}
rCold    + + +     Gourm    .   B - +5 shield {AC+3}
rNeg     + . .     Faith    +   c - +15 Maxwell's patent armour {-Cast -Tele rElec MR+ rCorr}
rPois    +         Spirit   .   q - +2 hat
rElec    +         Reflect  .   A - +0 cloak of the Worm {*Slow rC+++ Str+4 Int+3}
rCorr    +         Harm     .   d - +2 pair of gloves {Str+3}
MR       ++++.     NoTele   +   z - +0 pair of boots of Gluttony {rElec MR+ Slay+2} Stlth ..........NoCast +
                                k - amulet "Edwainga" {Faith rElec Str+2 SInv Stlth+}
Regen    0.4/turn               p - ring "Zoddeax" {rF+ AC+4 Dex-4 Slay+3}
MPRegen  0.2/turn               m - ring of Exhibitionism {rPois rN+ AC+5}

@: mighty, agile, resistant, gold aura, protection aura, hasted and slowed
A: retaliatory headbutt, horns 2, weak 2
a: Potion Petition, Call Merchant, Bribe Branch, Renounce Religion


You were in the Dungeon.
You worshipped Gozag.
Gozag was aware of your devotion.
You were not hungry.

You visited 1 branch You collected 26415 gold pieces.
You spent 2193 gold pieces at shops.
You paid 23888 gold pieces to Gozag.

Inventory:

Hand Weapons
 n - the +9 war axe "Icveminu" (weapon) {protect, MR+}
   (You found it in the Dungeon)

   It protects the one who uses it against injury (+AC on strike).
   It affects your resistance to hostile enchantments.
Armour
 c - the +15 Maxwell's patent armour (worn) {-Cast -Tele rElec MR+ rCorr}
   (You found it in the Dungeon)

   It insulates you from electricity.
   It affects your resistance to hostile enchantments.
   It prevents spellcasting.
   It prevents most forms of teleportation.
   It protects you from acid and corrosion.
 d - a +2 pair of gloves of strength (worn)
 q - a +2 hat (worn)
 z - the +0 pair of boots of Gluttony (worn) {rElec MR+ Slay+2}
   (You bought it in a shop in the Dungeon)

   It affects your accuracy and damage with ranged weapons and melee attacks
   (+2).
   It insulates you from electricity.
   It affects your resistance to hostile enchantments.
 A - the +0 cloak of the Worm (worn) {*Slow rC+++ Str+4 Int+3}
   (You bought it in a shop in the Dungeon)

   It affects your strength (+4).
   It affects your intelligence (+3).
   It renders you almost immune to cold.
   It may slow you when you take damage.
 B - a +5 shield of protection (worn)
Jewellery
 k - the amulet "Edwainga" (around neck) {Faith rElec Str+2 SInv Stlth+}
   (You found it in the Dungeon)

   [amulet of faith]

   It allows you to gain divine favour quickly.
   It affects your strength (+2).
   It insulates you from electricity.
   It lets you see invisible.
   It makes you more stealthy.
 m - the ring of Exhibitionism (right hand) {rPois rN+ AC+5}
   (You found it in the Dungeon)

   [ring of protection]

   It affects your AC (+5).
   It protects you from poison.
   It protects you from negative energy.
 p - the ring "Zoddeax" (left hand) {rF+ AC+4 Dex-4 Slay+3}
   (You found it in the Dungeon)

   [ring of protection]

   It affects your AC (+4).
   It affects your dexterity (-4).
   It affects your accuracy and damage with ranged weapons and melee attacks
   (+3).
   It protects you from fire.
Scrolls
 g - 3 scrolls of enchant armour
 l - a scroll of brand weapon
 r - 4 scrolls of remove curse
 w - a scroll of recharging
 y - 4 scrolls of enchant weapon
Potions
 e - 5 potions of curing
 h - 23 potions of haste
 i - 7 potions of magic
 j - 2 potions of berserk rage
 t - 2 potions of brilliance
 u - 2 potions of invisibility
 v - 2 potions of resistance
 x - 2 potions of agility
Comestibles
 a - 42 fruits
 b - 2 meat rations
 f - 5 bread rations
 o - 3 royal jellies


   Skills:
 + Level 26.3 Fighting
 O Level 27 Axes
 + Level 26.3 Armour
 + Level 24.4 Dodging
 + Level 12.3 Shields


You had 15 spell levels left.
You didn't know any spells.

Dungeon Overview and Level Annotations

Branches:
Dungeon (1/1)

Altars:
Ashenzari
Cheibriados
Dithmenos
Elyvilon
Fedhas
Gozag
Hepliaklqana
Kikubaaqudgha
Makhleb
Nemelex Xobeh
Okawaru
Qazlal
Ru
Sif Muna
Trog
Uskayaw
Vehumet
Wu Jian
Xom
Yredelemnul
Zin
The Shining One
Beogh
Jiyva
Lugonu

Shops:
D ([[(*([[*[([=


Innate Abilities, Weirdness & Mutations

You reflexively headbutt those who attack you in melee.
You have a pair of horns on your head.
You are very weak. (Str -4)


Message History

You open the red draconian like a pillowcase!!!
You kill the red draconian!
You slash the green draconian!
The green draconian is no longer distracted by gold.
The Orb Guardian is no longer distracted by gold.
The moth of wrath is no longer distracted by gold.
The green draconian is distracted by the nearby gold.
The green draconian roars!
You slice the green draconian!!
You kill the green draconian!
You slash the Orb Guardian!
The Orb Guardian is distracted by the nearby gold.
Unknown command.
You slash the Orb Guardian!
The Orb Guardian is no longer distracted by gold.
Your headbutt misses the Orb Guardian.
The Orb Guardian is almost dead.
The Orb Guardian hits you!!
You die...
Your body crumbles into a pile of gold.

.))|[})|)}}....▓......8©8
.|)[:|)::)::...▓...:}.:|.
...............▓..}|}:=|=
...............▓......|))
▓.........§.......▓.........
▓..........zd.....▓.........
▓........$$y......▓.........
▓........$$X$.....▓.........
▓........$.@$.....▓.........
.................▓........)
.▓.........▓...▓...▓|.... ▓
▓▓...∩[..▓▓ ..▓..▓▓▓....
▓...▓.........▓...▓...▓.....
▓......∩..........▓.........
▓.................▓.........
▓▓▓▓▓▓▓▓▓▓▓▓▓▓▓▓▓▓▓▓▓▓▓▓▓▓▓▓
▓......8©8


You could see a green draconian (berserk), a curse toe, an Orb Guardian
(berserk) and a moth of wrath.

Vanquished Creatures
  A pandemonium lord (D)
  2 golden dragons (D)
  A bone dragon (D)
  A pearl dragon (D)
  A lich (D)
  13 Orb Guardians (D)
  A quicksilver dragon (D)
  An Executioner (D)
  An acid blob (D)
  3 tentacled starspawn (D)
  A death cob (D)
  A daeva (D)
  4 nagarajas (D)
  A fire giant (D)
  A deep elf elementalist (D)
  2 reapers (D)
  An angel (D)
  An ophan (D)
  An apis (D)
  2 stone giants (D)
  A very ugly thing (D)
  A green draconian (D)
  4 black draconians (D)
  2 white draconians (D)
  A red draconian (D)
  A purple draconian (D)
  A green death (D)
  2 yellow draconians (D)
  4 merfolk javelineers (D)
  An ettin (shapeshifter) (D)
  A merfolk impaler (D)
  A death ooze (D)
  A fire dragon (D)
  3 great orbs of eyes (D)
  A naga warrior (D)
  A merfolk aquamancer (D)
  10 two-headed ogres (D)
  3 hell hogs (D)
  2 thrashing horrors (D)
  A shock serpent (shapeshifter) (D)
  A deep elf knight (D)
  A deep troll (shapeshifter) (D)
  A sea snake (D)
  A deep elf archer (D)
  An unseen horror (D)
  2 harpies (D)
  2 deep elf magi (D)
  9 cyclopes (D)
  2 shining eyes (D)
  2 worldbinders (D)
  A mana viper (D)
  3 manticores (D)
  5 draconians (D)
  2 ugly things (D)
  2 moths of wrath (D)
  2 naga magi (D)
  A water nymph (D)
  2 guardian serpents (D)
  3 eyes of devastation (D)
  2 black mambas (D)
  A merfolk siren (D)
  3 smoke demons (D)
  An apocalypse crab (D)
  An orange demon (D)
  6 efreet (D)
  A hellion (D)
  A tormentor (D)
  3 ancient zymes (D)
  2 red devils (D)
  A hellwing (D)
  2 merfolk (shapeshifter) (D)
  2 trolls (shapeshifter) (D)
  7 trolls (D)
  A jumping spider (shapeshifter) (D)
  A polar bear (shapeshifter) (D)
  A wind drake (D)
  3 merfolk (D)
  2 blink frogs (shapeshifter) (D)
  4 slime creatures (D)
  A snapping turtle (D)
  A snapping turtle (shapeshifter) (D)
  12 large abominations (D)
  A tarantella (shapeshifter) (D)
  A shadow (D)
  A flying skull (D)
  2 water elementals (D)
  2 fire elementals (D)
  2 chaos spawn (D)
  2 ynoxinuls (D)
  A golden eye (D)
  4 neqoxecs (D)
  2 nagas (D)
  A water moccasin (D)
  2 hell hounds (D)
  2 orc warriors (D)
  An ice beast (D)
  15 starcursed masses (D)
  3 ogres (D)
  6 small abominations (D)
  2 crimson imps (D)
  6 quasits (D)
  4 orc priests (D)
  4 jellies (D)
  4 iron imps (D)
  4 adders (D)
  3 shadow imps (D)
  4 white imps (D)
  An ufetubus (D)
  2 oozes (D)
  3 adder zombies (D)
  An orc (D)
  2 ball pythons (D)
  A bat skeleton (D)
  A bat zombie (D)
  A jackal skeleton (D)
  A quokka zombie (D)
  A lurking horror (D)
  5 starspawn tentacles (D)
282 creatures vanquished.

Vanquished Creatures (others)
  2 dancing weapons (D)
  5 starspawn tentacles (D)
7 creatures vanquished.

Grand Total: 289 creatures vanquished

Notes
Turn   | Place    | Note
-------+----------+-------------------------------------------
     0 | D        | potatolord5000 the Minotaur Fighter began the quest for the Orb.
     0 | D        | Reached XP level 1. HP: 19/19 MP: 0/0
    11 | D        | Found a blossoming altar of Fedhas.
    12 | D        | Found a viscous altar of Jiyva.
    12 | D        | Found an ancient bone altar of Kikubaaqudgha.
    12 | D        | Found a hazy altar of Hepliaklqana.
    12 | D        | Found a corrupted altar of Lugonu.
    12 | D        | Found an opulent altar of Gozag.
    12 | D        | Found a burning altar of Makhleb.
    16 | D        | Found a stormy altar of Qazlal.
    16 | D        | Found an iron altar of Okawaru.
    16 | D        | Found a sacrificial altar of Ru.
    16 | D        | Found a sparkling altar of Nemelex Xobeh.
    16 | D        | Found a deep blue altar of Sif Muna.
    16 | D        | Found a bloodstained altar of Trog.
    97 | D        | Became a worshipper of Gozag Ym Sagoz the Greedy
   113 | D        | Reached skill level 5 in Fighting
   113 | D        | Reached skill level 4 in Axes
   113 | D        | Reached skill level 5 in Armour
   113 | D        | Reached XP level 2. HP: 30/30 MP: 1/1
   119 | D        | Entered arena 2.
   119 | D        | Noticed a large abomination
   122 | D        | Killed a large abomination
   122 | D        | Reached skill level 7 in Axes
   122 | D        | Reached XP level 3. HP: 38/40 MP: 2/2
   122 | D        | Reached XP level 4. HP: 46/48 MP: 3/3
   122 | D        | Reached XP level 5. HP: 51/53 MP: 4/4
   130 | D        | Got the amulet "Edwainga" {Faith rElec Str+2 SInv Stlth+}
   137 | D        | Entered arena 3.
   137 | D        | Noticed a slime creature
   142 | D        | Killed a slime creature
   142 | D        | Reached skill level 9 in Axes
   142 | D        | Reached XP level 6. HP: 43/64 MP: 5/5
   257 | D        | Entered arena 4.
   257 | D        | Noticed a slime creature
   257 | D        | Noticed a golden eye
   274 | D        | Killed a slime creature
   274 | D        | Reached skill level 10 in Fighting
   274 | D        | Reached skill level 10 in Axes
   274 | D        | Reached skill level 10 in Armour
   274 | D        | Reached XP level 7. HP: 52/73 MP: 6/6
   295 | D        | Killed a golden eye
   349 | D        | Entered arena 5.
   367 | D        | Got the ring of Exhibitionism {rPois rN+ AC+5}
   374 | D        | Got the +9 war axe "Icveminu" {protect, MR+}
   378 | D        | Entered arena 6.
   378 | D        | Noticed a mana viper
   378 | D        | Noticed a smoke demon
   383 | D        | Killed a mana viper
   383 | D        | Reached skill level 11 in Axes
   383 | D        | Reached XP level 8. HP: 59/82 MP: 7/7
   389 | D        | Killed a smoke demon
   389 | D        | Reached skill level 10 in Dodging
   417 | D        | Bought a pair of embroidered gloves for 247 gold pieces
   483 | D        | Entered arena 7.
   483 | D        | Noticed a death cob
   483 | D        | Noticed a draconian
   483 | D        | Noticed a draconian
   483 | D        | Noticed a draconian
   483 | D        | Noticed a draconian
   483 | D        | Noticed a draconian
   491 | D        | Killed a death cob
   491 | D        | Reached skill level 13 in Axes
   491 | D        | Reached XP level 9. HP: 93/93 MP: 8/8
   492 | D        | Killed a draconian
   496 | D        | Killed a draconian
   497 | D        | Killed a draconian
   497 | D        | Reached XP level 10. HP: 92/103 MP: 9/9
   500 | D        | Killed a draconian
   500 | D        | Reached skill level 14 in Axes
   505 | D        | Killed a draconian
   543 | D        | Entered arena 8.
   543 | D        | Noticed a brown ugly thing
   543 | D        | Noticed a shining eye
   552 | D        | Killed a brown ugly thing
   553 | D        | Killed a shining eye
   553 | D        | Reached skill level 15 in Fighting
   553 | D        | Reached skill level 15 in Armour
   574 | D        | Got the ring of the Queen {rElec Int+3}
   583 | D        | Entered arena 9.
   593 | D        | Reached skill level 15 in Axes
   618 | D        | Got the cursed ring of Uluf {rElec rPois rF+ MP-9 Dex-5}
   727 | D        | Entered arena 10.
   727 | D        | Noticed a deep elf knight
   727 | D        | Noticed a deep elf mage
   727 | D        | Noticed a halberd of venom
   727 | D        | Noticed a deep elf elementalist
   727 | D        | Noticed a battleaxe of electrocution
   727 | D        | Noticed a deep elf mage
   727 | D        | Noticed a deep elf archer
   730 | D        | Killed a deep elf mage
   733 | D        | Killed a deep elf mage
   733 | D        | Killed a battleaxe of electrocution
   733 | D        | Reached XP level 11. HP: 108/114 MP: 10/10
   735 | D        | Killed a deep elf archer
   739 | D        | Killed a deep elf elementalist
   739 | D        | Reached skill level 16 in Axes
   744 | D        | Killed a halberd of venom
   748 | D        | Killed a deep elf knight
   748 | D        | Reached skill level 15 in Dodging
   778 | D        | Got the ring "Zoddeax" {rF+ AC+4 Dex-4 Slay+3}
   947 | D        | Entered arena 11.
   947 | D        | Noticed an unseen horror
   947 | D        | Noticed a large abomination
   950 | D        | Killed an unseen horror
   959 | D        | Killed a large abomination
   995 | D        | Entered arena 12.
   995 | D        | Noticed a pearl dragon
   995 | D        | Noticed an apis
   996 | D        | Noticed a daeva
   997 | D        | Noticed an angel
   998 | D        | Noticed an ophan
  1012 | D        | Killed a pearl dragon
  1012 | D        | Reached skill level 17 in Axes
  1014 | D        | Killed an apis
  1014 | D        | Reached XP level 12. HP: 47/127 MP: 11/11
  1026 | D        | Killed an ophan
  1028 | D        | Killed a daeva
  1028 | D        | Reached skill level 18 in Axes
  1032 | D        | Killed an angel
  1034 | D        | Got the ring "Itsyntam" {Ice rPois rN+ Str-4}
  1056 | D        | Got the ring "Otsoemiu" {rF- MP+9 Int+4 Dex+4}
  1298 | D        | Entered arena 13.
  1298 | D        | Noticed a great orb of eyes
  1298 | D        | Noticed a death ooze
  1299 | D        | Noticed an acid blob
  1299 | D        | Noticed a great orb of eyes
  1304 | D        | Killed a death ooze
  1307 | D        | Killed a great orb of eyes
  1310 | D        | Killed an acid blob
  1313 | D        | Killed a great orb of eyes
  1320 | D        | Reached skill level 19 in Axes
  1343 | D        | Bought a +2 cloak of invisibility for 322 gold pieces
  1353 | D        | Got the ring "Fickoeh" {Ice Dex+2}
  1510 | D        | Entered arena 14.
  1511 | D        | Noticed a hell hog
  1511 | D        | Noticed a hell hog
  1512 | D        | Noticed a fire dragon
  1512 | D        | Noticed a hell hog
  1518 | D        | Killed a hell hog
  1518 | D        | Killed a hell hog
  1519 | D        | Killed a hell hog
  1522 | D        | Reached XP level 13. HP: 135/138 MP: 12/12
  1526 | D        | Killed a fire dragon
  1535 | D        | Got the cursed ring of Spring {rElec rF- rC+ Dex-3}
  1543 | D        | Got the ring "Jisooxty" {rElec Int+4 Dex+4 Slay+3 SInv}
  1570 | D        | Entered arena 15.
  1572 | D        | Noticed a stone giant
  1582 | D        | Reached skill level 20 in Axes
  1592 | D        | Killed a stone giant
  1662 | D        | Entered arena 16.
  1664 | D        | Noticed a reaper
  1664 | D        | Noticed a reaper
  1674 | D        | Killed a reaper
  1692 | D        | Killed a reaper
  1983 | D        | Entered arena 17.
  1987 | D        | Noticed a cyan very ugly thing
  1999 | D        | Gained mutation: You are weak. (Str -2) [a shining eye]
  2002 | D        | Reached skill level 21 in Axes
  2004 | D        | Killed a cyan very ugly thing
  2006 | D        | Noticed a spark wasp
  2006 | D        | an alligator changed into a spark wasp
  2010 | D        | Noticed an ettin
  2010 | D        | a spark wasp changed into an ettin
  2012 | D        | Killed an ettin
  2044 | D        | Bought a potion of heal wounds for 140 gold pieces
  2092 | D        | Entered arena 18.
  2095 | D        | Noticed a stone giant
  2095 | D        | Noticed a fire giant
  2104 | D        | Killed a fire giant
  2104 | D        | Reached XP level 14. HP: 108/152 MP: 13/13
  2131 | D        | Reached skill level 22 in Axes
  2132 | D        | Killed a stone giant
  2183 | D        | Bought a heavily runed plate armour for 952 gold pieces
  2193 | D        | Identified the +1 plate armour "Ycagonou" {rPois rC+ MP-9} (You bought it in a shop in the Dungeon)
  2382 | D        | Entered arena 19.
  2385 | D        | Noticed a nagaraja
  2385 | D        | Noticed a nagaraja
  2386 | D        | Noticed a nagaraja
  2387 | D        | Noticed a nagaraja
  2390 | D        | Killed a nagaraja
  2391 | D        | Killed a nagaraja
  2402 | D        | Killed a nagaraja
  2403 | D        | Killed a nagaraja
  2421 | D        | Got the amulet of Incredulity {Harm *Drain Dex+6 SInv Stlth+}
  2569 | D        | Entered arena 20.
  2591 | D        | Reached skill level 23 in Axes
  2987 | D        | Entered arena 21.
  2992 | D        | Noticed a lich
  2992 | D        | Noticed Uschoonk the pandemonium lord
  2992 | D        | Noticed a bone dragon
  2992 | D        | Noticed a starcursed mass
  2992 | D        | Noticed a starcursed mass
  2993 | D        | Noticed a tentacled starspawn
  2993 | D        | Gained mutation: You are very weak. (Str -4) [a neqoxec]
  3012 | D        | Paralysed by accursed screaming for 2 turns
  3015 | D        | Killed Uschoonk the pandemonium lord
  3015 | D        | Reached skill level 24 in Axes
  3015 | D        | Reached XP level 15. HP: 86/166 MP: 14/14
  3026 | D        | Killed a bone dragon
  3026 | D        | Killed a lich
  3030 | D        | Killed a tentacled starspawn
  3030 | D        | Reached skill level 25 in Axes
  3042 | D        | Paralysed by accursed screaming for 2 turns
  3473 | D        | Got the ring "Huotav" {rElec rF+ Dex+5 SInv}
  3485 | D        | Got the ring "Nunu Upeaf" {+Fly Str+3}
  3499 | D        | Entered arena 22.
  3503 | D        | Noticed a tentacled starspawn
  3504 | D        | Noticed a tentacled starspawn
  3505 | D        | Noticed an Executioner
  3512 | D        | Killed a tentacled starspawn
  3514 | D        | Reached skill level 26 in Axes
  3514 | D        | Reached skill level 5 in Shields
  3515 | D        | Killed an Executioner
  3526 | D        | Paralysed by accursed screaming for 1 turns
  3534 | D        | Killed a tentacled starspawn
  3637 | D        | Got the ring of Sybe {+Blink rElec rPois MR+ Str+5}
  3874 | D        | Entered arena 23.
  3879 | D        | Bought a pair of spiked boots for 266 gold pieces
  3879 | D        | Bought a steaming cloak for 266 gold pieces
  3884 | D        | Identified the cursed +0 pair of boots of Gluttony {rElec MR+ Slay+2} (You bought it in a shop in the Dungeon)
  3894 | D        | Identified the cursed +0 cloak of the Worm {*Slow rC+++ Str+4 Int+3} (You bought it in a shop in the Dungeon)
  3931 | D        | Noticed a quicksilver dragon
  3931 | D        | Noticed an Orb Guardian
  3931 | D        | Noticed an Orb Guardian
  3931 | D        | Noticed an Orb Guardian
  3931 | D        | Noticed an Orb Guardian
  3931 | D        | Noticed a curse toe
  3931 | D        | Noticed a golden dragon
  3932 | D        | Noticed an Orb Guardian
  3932 | D        | Noticed an Orb Guardian
  3932 | D        | Noticed an Orb Guardian
  3932 | D        | Noticed an Orb Guardian
  3932 | D        | Noticed a golden dragon
  3932 | D        | Noticed an Orb Guardian
  3932 | D        | Noticed an Orb Guardian
  3933 | D        | Noticed an Orb Guardian
  3933 | D        | Noticed an Orb Guardian
  3934 | D        | Noticed an Orb Guardian
  3934 | D        | Noticed an Orb Guardian
  3934 | D        | Killed an Orb Guardian
  3937 | D        | Killed an Orb Guardian
  3937 | D        | Killed an Orb Guardian
  3939 | D        | Killed an Orb Guardian
  3942 | D        | Killed an Orb Guardian
  3942 | D        | Killed an Orb Guardian
  3942 | D        | Killed an Orb Guardian
  3943 | D        | Killed an Orb Guardian
  3944 | D        | Killed a golden dragon
  3945 | D        | Killed an Orb Guardian
  3945 | D        | Reached skill level 10 in Shields
  3949 | D        | Killed an Orb Guardian
  3949 | D        | Reached skill level 27 in Axes
  3949 | D        | Killed an Orb Guardian
  3950 | D        | Killed a quicksilver dragon
  3952 | D        | Killed a golden dragon
  3953 | D        | Reached XP level 16. HP: 31/180 MP: 15/15
  3954 | D        | Killed an Orb Guardian
  3957 | D        | Killed an Orb Guardian
  3969 | D        | Slain by an Orb Guardian

Vault maps used:
D:        sprint_v

Skill      XL: |  1  2  3  4  5  6  7  8  9 10 11 12 13 14 15 16 |
---------------+-------------------------------------------------+-----
Fighting       | 5 8 9 10 11 13 14 15 17 19 21 23 26 | 26.3
Axes           | 4 7 9 10 11 13 15 17 19 21 24 27 | 27.0
Armour         | 5 8 9 10 11 13 14 15 17 19 21 24 26 | 26.3
Dodging        | 3 6 7 8 9 12 14 16 17 20 22 24 | 24.4
Shields        | 11 12 | 12.3

Action                   |  1- 3 |  4- 6 |  7- 9 | 10-12 | 13-15 | 16-18 || total
-------------------------+-------+-------+-------+-------+-------+-------++-------
Melee: Executioner's axe |     2 |    15 |     9 |       |       |       ||    26
       Headbutt          |       |     2 |     8 |    30 |    78 |     3 ||   121
       War axe           |       |       |    26 |   102 |   300 |    11 ||   439
Invok: Call Merchant     |       |       |     1 |     3 |     9 |       ||    13
       Potion Petition   |       |       |       |     1 |     7 |       ||     8
  Use: Potion            |     2 |       |     2 |    16 |    18 |     2 ||    40
       Scroll            |       |       |       |       |     6 |       ||     6
 Stab: Distracted        |       |       |       |       |     3 |       ||     3
  Eat: Meat ration       |       |     1 |       |       |     1 |       ||     2
Armor: Plate armour      |     8 |    13 |    26 |    86 |   322 |     3 ||   458
Dodge: Dodged            |     5 |    11 |    20 |    79 |   303 |     4 ||   422
Block: Shield            |       |       |       |       |    43 |     8 ||    51
